 Dungeon Crawl Stone Soup version 0.17-a0-1403-g9df874c (webtiles) character file.

1429 urechis the Spear-Bearer (level 8, -9/68 HPs)
             Began as a Merfolk Gladiator on June 20, 2015.
             Was a Follower of Yredelemnul.
             Mangled by an orc warrior
             ... wielding a +0 trident
              (15 damage)
             ... on level 6 of the Dungeon.
             The game lasted 00:14:44 (5063 turns).

urechis the Spear-Bearer (Merfolk Gladiator)        Turns: 5063, Time: 00:14:45

Health: -9/68      AC: 12    Str: 15    XL:     8   Next: 73%
Magic:  8/8        EV: 24    Int:  9    God:    Yredelemnul [*.....]
Gold:   106        SH:  0    Dex: 24    Spells: 0 memorised, 7 levels left

rFire  . . .     SeeInvis .     C - +2 trident (protect)
rCold  + . .     Clarity  .     b - +0 leather armour
rNeg   . . .     SustAt   .     (no shield)
rPois  .         Gourm    .     u - +2 helmet
rElec  .         Spirit   .     (no cloak)
rCorr  .         Warding  .     (no gloves)
rMut   .         Stasis   .     h - +0 pair of boots
MR     .....                    v - amulet of regeneration
Stlth  +++.......               y - ring of Kittydd {+Inv rC+ Int+2}
                                B - +2 ring of dexterity

@: agile, very slightly contaminated, hasted, very quick, not resistant to
hostile enchantments, fairly stealthy
A: change form in water, swift swim
a: Animate Remains, Renounce Religion, Evoke Invisibility


You were on level 6 of the Dungeon.
You worshipped Yredelemnul.
Yredelemnul was aware of your devotion.
You were not hungry.

You visited 2 branches of the dungeon, and saw 7 of its levels.

You collected 148 gold pieces.
You spent 42 gold pieces at shops.

Inventory:

Hand weapons
 C - a +2 trident of protection (weapon)
Missiles
 e - 3 throwing nets (quivered)
Armour
 b - a +0 leather armour (worn)
 h - a +0 pair of boots (worn)
 l - a gold dragon hide
 u - a +2 helmet (worn)
Jewellery
 g - an uncursed amulet of the gourmand
 v - an amulet of regeneration (around neck)
 y - the ring of Kittydd (right hand) {+Inv rC+ Int+2}
   (You found it on level 5 of the Dungeon)

   [ring of invisibility]

   It affects your intelligence (+2).
   It protects you from cold.
   It lets you turn invisible.
 B - a +2 ring of dexterity (left hand)
Scrolls
 c - a scroll of teleportation
 j - 3 scrolls of remove curse
 o - a scroll of recharging
 p - a scroll of fear
 q - a scroll of fog
Potions
 i - 2 potions of lignification
 m - a potion of poison {unknown}
 n - 3 potions of agility
 r - a potion of berserk rage {unknown}
 t - a potion of curing
 w - a potion of heal wounds {unknown}
 x - a potion of flight {unknown}
 A - a potion of cancellation {unknown}
 D - a potion of brilliance {unknown}
Comestibles
 a - a chunk of flesh
 d - 4 bread rations
 f - 2 slices of pizza
 z - 2 beef jerkies


   Skills:
 * Level 7.9 Fighting
 - Level 10.0 Polearms
 - Level 2.0 Throwing
 + Level 7.2 Dodging


You had 7 spell levels left.
You didn't know any spells.

Dungeon Overview and Level Annotations

Branches:
Dungeon (6/15)             Temple (1/1) D:4

Altars:
Ashenzari
Cheibriados
Dithmenos
Elyvilon
Fedhas
Kikubaaqudgha
Makhleb
Nemelex Xobeh
Okawaru
Ru
Sif Muna
Trog
Vehumet
Xom
Yredelemnul
Zin
The Shining One

Shops:
D:4 !


Message History

Something smites you!
* * * LOW HITPOINT WARNING * * *
The orc warrior closely misses you. The water moccasin closely misses you.
Drink which item? (? for menu, Esc to quit)
You feel yourself speed up. The water moccasin bites you.
* * * LOW HITPOINT WARNING * * *
The orc warrior hits you from afar with a trident!
* * * LOW HITPOINT WARNING * * *
You are very lightly contaminated with residual magic.
Drink which item? (? for menu, Esc to quit)
You feel agile all of a sudden.
The water moccasin completely misses you.
The orc completely misses you. The orc priest completely misses you.
You closely miss the orc priest.
The orc priest is almost dead.
The orc wizard gestures wildly while chanting.
The orc wizard blinks!
The water moccasin closely misses you.
The orc warrior hits you from afar with a trident!
You die...
Your body rises from the dead as a mindless zombie.

#....)....)....##
#######.....##..#
####......###.## . ##
#.........###..##
..###....##########(....
......## #.....
......?############.....
.....o§o................
....K.o@..#########.....
...%.oSo.....# #.....
.o.......##### ######
..#.....## # ##.#.##
#... ##.. ###


You could see an orc warrior, a water moccasin, 2 orc priests, an orc wizard, 2
orcs and a kobold.

Vanquished Creatures
  Grinder (D:5)
  Sigmund (D:5)
  An orc warrior (D:6)
  A phantom (D:4)
  2 ogres
  Blork the orc (D:5)
  A giant frog zombie (D:6)
  A jelly (D:5)
  5 orc wizards
  An orc priest (D:4)
  Natasha (thrice) (D:2)
  5 worker ants
  An iguana (D:4)
  A mummy (D:4)
  9 adders
  3 gnolls (D:2)
  An adder skeleton (D:4)
  3 worms
  9 orcs
  12 bats
  3 giant cockroaches
  17 hobgoblins
  4 giant geckos
  2 giant newts (D:1)
  8 goblins
  11 jackals
  A jackal skeleton (D:3)
  15 kobolds
  2 orc zombies (D:4)
  9 rats
  A butterfly (D:4)
135 creatures vanquished.

Notes
Turn   | Place    | Note
--------------------------------------------------------------
     0 | D:1      | urechis the Merfolk Gladiator began the quest for the Orb.
     0 | D:1      | Reached XP level 1. HP: 16/16 MP: 1/1
   134 | D:1      | Reached skill level 5 in Polearms
   137 | D:1      | Reached XP level 2. HP: 19/22 MP: 2/2
   601 | D:1      | Reached XP level 3. HP: 22/27 MP: 3/3
   636 | D:1      | Reached skill level 6 in Polearms
   871 | D:2      | Noticed Natasha
   874 | D:2      | Killed Natasha
   874 | D:2      | Reached XP level 4. HP: 24/33 MP: 4/4
   892 | D:2      | Reached skill level 7 in Polearms
  1171 | D:2      | Noticed Natasha
  1187 | D:2      | Killed Natasha
  1455 | D:2      | Found an iron altar of Okawaru.
  1462 | D:2      | Found a glowing silver altar of Zin.
  1463 | D:2      | Found a bloodstained altar of Trog.
  1524 | D:2      | Noticed Natasha
  1534 | D:2      | Killed Natasha
  1569 | D:2      | Reached skill level 8 in Polearms
  1569 | D:2      | Reached XP level 5. HP: 19/38 MP: 5/5
  2117 | D:3      | Found a snail-covered altar of Cheibriados.
  3093 | D:4      | Reached skill level 9 in Polearms
  3165 | D:4      | Found Peffuwn's Distillery.
  3168 | D:4      | Bought a potion of curing for 42 gold pieces
  3198 | D:4      | Reached XP level 6. HP: 30/44 MP: 6/6
  3309 | D:4      | Reached skill level 10 in Polearms
  3554 | D:4      | Found a staircase to the Ecumenical Temple.
  3579 | D:4      | Found a deep blue altar of Sif Muna.
  3606 | D:4      | Noticed a phantom
  3641 | D:4      | Killed a phantom
  3641 | D:4      | Reached XP level 7. HP: 24/52 MP: 7/7
  3987 | Temple   | Entered the Ecumenical Temple
  3991 | Temple   | Became a worshipper of Yredelemnul the Dark
  4095 | D:5      | Entered Level 5 of the Dungeon
  4135 | D:5      | Noticed Sigmund
  4335 | D:5      | Reached skill level 5 in Dodging
  4391 | D:5      | Got a scorched wooden ring
  4392 | D:5      | Identified the ring of Kittydd {+Inv rC+ Int+2} (You found it on level 5 of the Dungeon)
  4521 | D:5      | Killed Sigmund
  4521 | D:5      | Reached skill level 5 in Fighting
  4564 | D:5      | Noticed Grinder
  4567 | D:5      | Paralysed by Grinder for 4 turns
  4575 | D:5      | Paralysed by Grinder for 5 turns
  4588 | D:5      | Killed Grinder
  4588 | D:5      | Reached XP level 8. HP: 55/65 MP: 8/8
  4722 | D:5      | Noticed Blork the orc
  4749 | D:5      | Killed Blork the orc
  4927 | D:6      | Acquired Yredelemnul's first power
  5063 | D:6      | Mangled by an orc warrior

Vault maps used:
D:1:      onia_arrival_mini_maze_b
D:2:      grunt_temple_overflow_open, uniq_natasha
D:3:      lemuel_crystal_altar
D:4:      lemuel_blue_sif_altar, minmay_temple_entry_butterflies,
          nicolae_ossuary_entry_giza, serial_shops, kennysheep_mini,
          due_unseen_surprise
D:5:      first_bread, roderic_roman_lattice, uniq_blork_the_orc, uniq_sigmund,
          uniq_grinder
Temple:   zaba_magenta_temple_12

Action                   |  1- 3 |  4- 6 |  7- 9 || total
-------------------------+-------+-------+-------++-------
Melee: Trident           |    94 |   274 |   199 ||   567
  Use: Scroll            |       |     5 |     6 ||    11
       Potion            |       |       |     2 ||     2
 Stab: Sleeping          |     1 |     2 |     1 ||     4
  Eat: Chunk             |     8 |     6 |     3 ||    17
